 Seeded DCSS version 0.30.1-4-g462c640d31 (webtiles) character file.

Game seed: 15660985446129201502 (custom seed)

1330 AccursedSamuel the Ducker (level 8, 0/48 HPs)
             Began as a Tengu Monk on Sept 13, 2023.
             Was an Elder of Sif Muna.
             Slain by a mana viper (glowing shapeshifter) (1 damage)
             ... on level 6 of the Dungeon.
             The game lasted 00:10:40 (4752 turns).

AccursedSamuel the Ducker (Tengu Monk)              Turns: 4752, Time: 00:10:41

Health: 0/48       AC: 18    Str: 12    XL:     8   Next: 60%
Magic:  0/9        EV: 10    Int: 11    God:    Sif Muna [****..]
Gold:   295        SH:  0    Dex: 18    Spells: 7/7 levels left

rFire   . . .        p - +3 quarterstaff (chaos)
rCold   + . .        (shield currently unavailable)
rNeg    . . .        j - +3 chain mail {rC+}
rPois   .            (helmet restricted)
rElec   .            q - +2 cloak
rCorr   .            (no gloves)
SInv    .            (boots unavailable)
Will    .....        (no amulet) Stlth
                     o - +4 ring of protection
HPRegen 0.28/turn    (no ring)
MPRegen 0.11/turn

%: no passive effects
@: flying quickly and evasively, studying Dodging, quick
A: beak, talons 3, nimble flight
a: Renounce Religion, Channel Magic, Forget Spell, Divine Exegesis


You were on level 6 of the Dungeon.
You worshipped Sif Muna.
Sif Muna was greatly pleased with you.
You visited 1 branch of the dungeon, and saw 6 of its levels.

You collected 295 gold pieces.

Inventory:

Hand Weapons
 p - a +3 quarterstaff of chaos (weapon)
Armour
 d - an orb of light
 j - a +3 chain mail of cold resistance (worn)
 q - a +2 cloak (worn)
Jewellery
 o - a +4 ring of protection (left hand)
Wands
 f - a wand of iceblast (1)
Scrolls
 a - a scroll of blinking
 g - 3 scrolls of identify
 l - 6 scrolls of teleportation
Potions
 b - a potion of berserk rage {unknown}
 c - a potion of ambrosia
 e - a potion of haste
 h - a potion of lignification
 n - a potion of magic


   Skills:
 + Level 4.7 Fighting
 + Level 5.4 Axes
 + Level 7.0 Staves
 + Level 2.1 Armour
 + Level 7.1 Dodging
 + Level 2.9 Stealth


You had 7 spell levels left.
You didn't know any spells.
Your spell library contained the following spells:

 Spells                   Type           Power      Damage    Failure   Level
 Cigotuvi's Dreadful Rot  Necr/Pois/Air  0%         N/A       100%        2
 Lesser Beckoning         Tloc           0%         N/A       100%        2
 Gell's Gravitas          Tloc           0%         N/A       100%        3
 Ignite Poison            Fire/Tmut/Pois 0%         N/A       100%        3
 Teleport Other           Tloc           0%         N/A       100%        3
 Dispel Undead            Necr           0%         3d6       100%        4
 Sticky Flame             Conj/Fire      0%         2d3       100%        4
 Death Channel            Necr           0%         N/A       100%        6
 Ignition                 Fire           0%         3d3       100%        8


Dungeon Overview and Level Annotations

Branches:
Dungeon (6/15)
 Temple: D:4-7

Altars:
Elyvilon
Ru
Sif Muna
Wu Jian

Annotations:
D:6 3 runed translucent doors


Innate Abilities, Weirdness & Mutations

You have a beak for a mouth.
You have claws for feet.
Your magical nature lets you fly swiftly and evasively.


Message History

The gnoll changes into a glowing shapeshifter!
Your kick misses the glowing shapeshifter.
You peck the glowing shapeshifter.
The glowing shapeshifter is moderately wounded.
The glowing shapeshifter changes into a mana viper!
You closely miss the mana viper. Your kick misses the mana viper.
The mana viper bites you!
You feel your power leaking away.
You thump the mana viper! You freeze the mana viper.
Your peck misses the mana viper.
The mana viper is moderately wounded.
The mana viper bites you but does no damage.
You closely miss the mana viper. You claw the mana viper.
Your peck misses the mana viper.
The mana viper is moderately wounded.
The mana viper closely misses you.
You hit the mana viper but do no damage.
You peck the mana viper.
The mana viper is moderately wounded.
The mana viper closely misses you. The mana viper bites you.
You feel your power leaking away.
You hit the mana viper. You burn the mana viper.
The mana viper is moderately wounded.
The mana viper bites you.
You sock the mana viper! Your kick misses the mana viper.
Your peck misses the mana viper.
The mana viper is heavily wounded.
The mana viper bites you! x2
* * * LOW HITPOINT WARNING * * *
You closely miss the mana viper.
The mana viper is heavily wounded.
The mana viper bites you.
* * * LOW HITPOINT WARNING * * *
You hit the mana viper but do no damage.
Your peck misses the mana viper.
The mana viper is heavily wounded.
The mana viper bites you.
* * * LOW HITPOINT WARNING * * *
The mana viper bites you.
You die...

##### #...# #!..######
#####..)S@...#
.$#.....####.#
..#......###.# ###
(.+..#.......# #.#
..+...#.#.##.# #.# #
..+.....#.##.# #.# ##.
.(#..####.##.###.######
##l# ..#..#
#.##..........#
##.#######.#
#......#.##.#.#


You could see a mana viper shaped shifter.

Vanquished Creatures
  Sigmund (D:4)
  Edmund (D:5)
  A centaur (D:6)
  An ogre (D:5)
  2 scorpions
  2 wights (D:6)
  2 hounds
  3 quasits (D:5)
  Crazy Yiuf (D:2)
  3 orc priests
  4 iguanas
  Jessica (D:2)
  A sleepcap (D:5)
  Ijyb (D:4)
  3 adders
  2 gnolls (D:6)
  4 shadow imps
  2 white imps (D:5)
  5 ufetubi
  A worm (D:4)
  4 dart slugs
  11 orcs
  8 endoplasms
  2 giant cockroaches (D:2)
  7 goblins
  8 hobgoblins
  4 kobolds
  5 quokkas
  5 ball pythons
  2 bats
  5 frilled lizards
  7 rats
  A spectral kobold (D:2)
110 creatures vanquished.

Notes
Turn   | Place    | Note
-------+----------+-------------------------------------------
     0 | D:1      | AccursedSamuel the Tengu Monk began the quest for the Orb.
     0 | D:1      | Reached XP level 1. HP: 14/14 MP: 2/2
    70 | D:1      | Reached XP level 2. HP: 19/19 MP: 3/3
   149 | D:1      | Identified a scroll of acquirement
   149 | D:1      | Acquired a manual of Dodging
   342 | D:2      | Found a faded altar of an unknown god.
   344 | D:2      | Reached XP level 3. HP: 22/23 MP: 4/4
   421 | D:2      | Prayed at the altar of an unknown god.
   421 | D:2      | Became a worshipper of Sif Muna the Loreminder
   421 | D:2      | Reached * piety under Sif Muna
   421 | D:2      | Reached ** piety under Sif Muna
   713 | D:2      | Noticed Jessica
   717 | D:2      | Killed Jessica
   718 | D:2      | Reached XP level 4. HP: 25/28 MP: 5/5
   942 | D:2      | Found a runed translucent door.
   943 | D:2      | Noticed Crazy Yiuf
   954 | D:2      | Killed Crazy Yiuf
   954 | D:2      | Reached *** piety under Sif Muna
  1203 | D:3      | Reached skill level 5 in Axes
  1203 | D:3      | Gained mutation: Your magical nature lets you fly swiftly
                  | and evasively. [Tengu growth]
  1203 | D:3      | Reached XP level 5. HP: 29/32 MP: 6/6
  1206 | D:3      | Reached skill level 5 in Dodging
  1360 | D:3      | Found an ornate altar of the Wu Jian Council.
  1906 | D:4      | Reached skill level 1 in Staves
  1981 | D:4      | Reached XP level 6. HP: 38/38 MP: 7/7
  2055 | D:4      | Reached skill level 1 in Stealth
  2612 | D:4      | Noticed Sigmund
  2615 | D:4      | Noticed Ijyb
  2627 | D:4      | Killed Sigmund
  2628 | D:4      | Reached XP level 7. HP: 33/43 MP: 8/8
  2636 | D:4      | Killed Ijyb
  3056 | D:5      | Entered Level 5 of the Dungeon
  3213 | D:5      | Found a sacrificial altar of Ru.
  3390 | D:5      | Noticed Edmund
  3427 | D:5      | Killed Edmund
  3428 | D:5      | Reached skill level 5 in Staves
  3625 | D:5      | Reached XP level 8. HP: 43/48 MP: 9/9
  3696 | D:5      | Reached **** piety under Sif Muna
  3838 | D:5      | Found a white marble altar of Elyvilon.
  4506 | D:6      | Reached skill level 1 in Armour
  4724 | D:6      | Found a runed translucent gate.
  4724 | D:6      | Found a runed translucent gate.
  4727 | D:6      | Found a runed translucent gate.
  4743 | D:6      | a gnoll changed into a glowing shapeshifter
  4743 | D:6      | Noticed a glowing shapeshifter (glowing shapeshifter)
  4743 | D:6      | a glowing shapeshifter changed into a mana viper
  4743 | D:6      | Noticed a mana viper (glowing shapeshifter)
  4750 | D:6      | HP: 2/48 [mana viper (glowing shapeshifter) (5)]
  4752 | D:6      | Slain by a mana viper (glowing shapeshifter)

Illustrated notes

Levels and vault maps discovered:
D:1:      minmay_arrival_pointy, layout_loops_ring, minmay_gold_behind_fungi
D:2:      layout_basic, dreamdust_ecumenical_altar_drowned_temple,
          hangedman_decor_clover_reticule, fountainhead,
          uniq_crazy_yiuf_cottage, uniq_jessica
D:3:      layout_loops_ring, general_overflow_altar, serial_bayou_pond_d
D:4:      layout_basic, nicolae_eternal_life, uniq_ijyb, uniq_sigmund
D:5:      layout_layer_cave, mainiacjoe_overflow_small_starburst,
          elyvilon_altar_1, serial_demonic, serial_demonic_e, serial_demonic_b,
          serial_demonic_e, serial_demonic_a, serial_demonic_e,
          serial_demonic_e, serial_demonic_g, serial_demonic_a,
          serial_demonic_d, serial_demonic_g, uniq_edmund
D:6:      layout_basic, nicolae_uskayaw_suspiria, ebering_ghost_rock_garden,
          minivault_22, uniq_menkaure

Skill      XL: |  1  2  3  4  5  6  7  8 |
---------------+-------------------------+-----
Axes           | 4 5 |  5.4
Dodging        | 4 5 6 7 |  7.1
Staves         | 1 3 5 7 |  7.0
Stealth        | 1 2 |  2.9
Fighting       | 4 |  4.7
Armour         | 2 |  2.1

Action                     |  1- 3 |  4- 6 |  7- 9 || total
---------------------------+-------+-------+-------++-------
  Melee: Hand axe          |    61 |    13 |       ||    74
         Kick              |    14 |    26 |    26 ||    66
         Peck              |     9 |    19 |    19 ||    47
         Quarterstaff      |       |    85 |   117 ||   202
    Use: Scroll            |     1 |     5 |     3 ||     9
         Potion            |       |     5 |     3 ||     8
   Stab: Sleeping          |       |     3 |     1 ||     4
 Armour: Robe              |    11 |    20 |    15 ||    46
         Chain mail        |       |       |    64 ||    64
  Dodge: Dodged            |    51 |    79 |    93 ||   223
